 Dungeon Crawl Stone Soup version 0.28.0-1-gb440e238dd (webtiles) character file.

Game seed: 10151012560707226141

298 hitsuchi the Stinger (level 6, -17/36 HPs)
             Began as an Octopode Venom Mage on Feb 20, 2022.
             Was an Initiate of Gozag.
             Demolished by an orc warrior (18 damage)
             ... on level 4 of the Dungeon.
             The game lasted 00:07:00 (3734 turns).

hitsuchi the Stinger (Octopode Venom Mage)          Turns: 3734, Time: 00:07:01

Health: -17/36     AC:  1    Str:  4 (7)  XL:     6   Next: 35%
Magic:  4/10       EV: 17    Int: 25 (26) God:    Gozag
Gold:   217        SH:  5    Dex: 11 (12) Spells: 0/10 levels left

rFire   . . .      SeeInvis .   a - +2 short sword (speed)
rCold   . . .      Faith    .   (no shield)
rNeg    . . .      Spirit   .   (helmet restricted)
rPois   .          Reflect  +   c - amulet of reflection
rElec   .          Harm     .   d - +6 ring of intelligence
rCorr   .          Rampage  .   g - +4 ring of evasion
Will    .....                   (no ring)
Stlth   +++.......              (no ring)
HPRegen 0.12/turn               (no ring)
MPRegen 0.12/turn               (no ring)
                                (no ring)
                                (no ring)

@: no status effects
A: almost no armour, amphibious, 8 rings, camouflage 1, gelatinous body 1,
(nimble swimmer 1), tentacles
a: Renounce Religion, Potion Petition, Call Merchant, Bribe Branch


You were on level 4 of the Dungeon.
You worshipped Gozag.
Gozag was aware of your devotion.
You visited 1 branch of the dungeon, and saw 4 of its levels.

You collected 244 gold pieces.
You paid 27 gold pieces to Gozag.

Inventory:

Hand Weapons
 a - a +2 short sword of speed (weapon)
 b - a +1 short sword of holy wrath
Armour
 n - a +0 kite shield
Jewellery
 c - an amulet of reflection (around mantle)
 d - a +6 ring of intelligence (left tentacle)
 g - a +4 ring of evasion (right tentacle)
Wands
 e - a wand of flame (15)
 m - a wand of iceblast (4)
Scrolls
 f - a scroll of enchant weapon {unknown}
 j - a scroll of magic mapping {unknown}
 k - 2 scrolls of teleportation {unknown}
 l - 2 scrolls of identify {unknown}
 p - 2 scrolls of blinking {unknown}
Potions
 h - a potion of cancellation {unknown}
 i - a potion of ambrosia {unknown}
 o - 2 potions of haste {unknown}
 q - a potion of heal wounds {unknown}
 r - a potion of might {unknown}
 s - a potion of degeneration


   Skills:
 - Level 2.0 Dodging
 - Level 2.6 Stealth
 + Level 2.9 Spellcasting
 + Level 2.0 Conjurations
 - Level 4.0 Transmutations
 + Level 2.0 Air Magic
 * Level 4.6 Poison Magic


You couldn't memorise any spells.
You knew the following spells:

 Your Spells              Type           Power      Damage    Failure   Level
a - Sting                 Tmut/Pois      100%       1d8       1%          1
b - Poisonous Vapours     Pois/Air       40%        N/A       4%          2
c - Mephitic Cloud        Conj/Pois/Air  18%        N/A       10%         3
d - Olgreb's Toxic Radia  Pois           27%        N/A       16%         4

Your spell library contained the following spells:

 Spells                   Type           Power      Damage    Failure   Level


Dungeon Overview and Level Annotations

Branches:
Dungeon (4/15)
 Temple: D:4-7

Altars:
Gozag


Innate Abilities, Weirdness & Mutations

You cannot wear most types of armour.
You are amphibious.
You can wear up to eight rings at the same time.
Your skin changes colour to match your surroundings (Stealth+).
Your rubbery body absorbs attacks. (AC +1, EV +1)
((You are camouflaged when in or above water. (Stealth+)))
You have tentacles for arms and can constrict up to eight enemies at once.


Message History

Confirm with . or Enter, or press ? or * to list all spells.
You don't have enough magic to cast this spell.
Unknown command.
Unknown command.
You hit the orc warrior. Your grab misses the orc warrior.
Your squeeze misses the orc warrior.
The orc warrior is moderately wounded.
The orc warrior hits you with a +0 mace!!
Ouch! That really hurt!
Unknown command.
You hit the orc warrior but do no damage.
You grab the orc warrior.
The orc warrior is moderately wounded.
You constrict the orc warrior, but do no damage.
The orc warrior barely misses you.
Unknown command.
You release your grip on the orc warrior.
The orc warrior seems less confused.
Aiming: Iceblast
Press: ? - help, Shift-Dir - straight line, f/p - orc warrior
Aim: an orc warrior, wielding a +0 mace and wearing a +0 chain mail (moderately wounded, very poisoned)
The mass of ice explodes!
The iceblast engulfs the orc warrior.
The orc warrior is heavily wounded.
Unknown command.
The orc warrior looks more healthy.
Aiming: Iceblast
Press: ? - help, Shift-Dir - straight line, p - orc warrior The mass of ice explodes!
The iceblast engulfs the orc warrior.
The orc warrior is almost dead.
The orc warrior hits you with a +0 mace!
* * * LOW HITPOINT WARNING * * *
Unknown command.
Aiming: Iceblast
Press: ? - help, Shift-Dir - straight line The mass of ice explodes!
The iceblast engulfs the orc warrior.
The orc warrior is almost dead.
The orc warrior hits you with a +0 mace!!
Ouch! That really hurt!
You die...
Your body crumbles into a pile of gold.

#.# #.|.....# #.# #.#
#..####.# #.# .##.#
#..# #.# #.# .##.#
#..# #.# #<# .##.#
#..####.#####.#
.##.###..#.......##.#
...............(....#
....######.##.##.####
.#..# #.##...@#
.#..### #.####.o##
o.....# #.####...#
....#.# #........#
###.#.# ########.#
#.#.# #.# #.#.# #.#
###.o.#### #.#
.........# ##.##


You could see an orc warrior.

Vanquished Creatures
  A water moccasin skeleton (D:4)
  A hound (D:4)
  An orc priest (D:4)
  A bullfrog skeleton (D:4)
  Jessica (D:3)
  An orc wizard (D:4)
  4 adders
  An ufetubus (D:4)
  An adder skeleton (D:4)
  A worm (D:2)
  3 dart slugs
  9 orcs
  6 endoplasms
  7 goblins
  7 hobgoblins
  5 kobolds
  3 ball pythons
  2 bats
  A frilled lizard (D:3)
  5 rats
61 creatures vanquished.

Notes
Turn   | Place    | Note
-------+----------+-------------------------------------------
     0 | D:1      | hitsuchi the Octopode Venom Mage began the quest for the
                  | Orb.
     0 | D:1      | Reached XP level 1. HP: 11/11 MP: 3/3
   178 | D:1      | Reached XP level 2. HP: 15/17 MP: 1/5
   482 | D:1      | Learned a level 2 spell: Poisonous Vapours
   612 | D:1      | Found a faded altar of an unknown god.
  1131 | D:2      | Reached XP level 3. HP: 21/21 MP: 3/6
  1328 | D:2      | Learned a level 3 spell: Mephitic Cloud
  1605 | D:2      | Reached XP level 4. HP: 13/27 MP: 3/7
  2089 | D:3      | Noticed Jessica
  2097 | D:3      | Killed Jessica
  2491 | D:3      | Found an opulent altar of Gozag.
  2528 | D:3      | Became a worshipper of Gozag Ym Sagoz the Greedy
  2643 | D:3      | Reached XP level 5. HP: 31/31 MP: 6/8
  2852 | D:4      | Reached skill level 1 in Conjurations
  2852 | D:4      | Reached skill level 1 in Air Magic
  3104 | D:4      | Noticed an orc warrior
  3228 | D:4      | Reached XP level 6. HP: 36/36 MP: 0/10
  3677 | D:4      | Learned a level 4 spell: Olgreb's Toxic Radiance
  3733 | D:4      | HP: 1/36 [orc warrior (15)]
  3734 | D:4      | Demolished by an orc warrior

Illustrated notes

Levels and vault maps discovered:
D:1:      scummos_arrival_star, layout_basic,
          hellmonk_ecumenical_altar_pennies_from_heaven, minmay_cupped
D:2:      layout_loops_ring
D:3:      layout_rooms, nicolae_gozag_seed_capital, wad_orctagon, uniq_jessica
D:4:      layout_loops_ring, hangedman_decor_peaks_small, uniq_pikel

Skill      XL: |  1  2  3  4  5  6 |
---------------+-------------------+-----
Transmutations | 2 3 4 |  4.0
Conjurations   | 1 2 |  2.0
Air Magic      | 1 2 |  2.0
Poison Magic   | 4 |  4.6
Dodging        | |  2.0
Stealth        | |  2.6
Spellcasting   | |  2.9

Action                   |  1- 3 |  4- 6 || total
-------------------------+-------+-------++-------
Melee: Unarmed           |    12 |       ||    12
       Tentacles         |     4 |     6 ||    10
       Constrict         |     4 |     7 ||    11
       Short sword       |       |    26 ||    26
 Cast: Sting             |    41 |    44 ||    85
       Poisonous Vapours |       |    17 ||    17
       Mephitic Cloud    |       |     1 ||     1
Evoke: Wand              |       |     3 ||     3
  Use: Potion            |       |     2 ||     2
 Stab: Sleeping          |       |     1 ||     1
Armor: Skin              |     1 |       ||     1
Dodge: Dodged            |    16 |    19 ||    35
Block: Other             |     3 |     9 ||    12
       Reflection        |       |     1 ||     1
